 Dungeon Crawl Stone Soup version 0.22-a0-422-g9628fc8 (webtiles) character file.

133 DrEnzyme the Cutter (level 5, -5/43 HPs)
             Began as a Gnoll Wanderer on May 20, 2018.
             Slain by an ice beast (10 damage)
             ... while paralysed by Grinder
             ... on level 3 of the Dungeon.
             The game lasted 00:30:52 (2736 turns).

DrEnzyme the Cutter (Gnoll Wanderer)                Turns: 2736, Time: 00:30:53

Health: -5/43      AC:  2    Str: 15    XL:     5   Next: 16%
Magic:  9/9        EV:  2    Int: 14    God:
Gold:   107        SH:  0    Dex: 15    Spells: 9/10 levels left

rFire    . . .     SeeInvis .   a - +2 short sword
rCold    . . .     Gourm    .   c - +0 buckler
rNeg     . . .     Faith    .   d - +0 robe
rPois    .         Spirit   .   (no helmet)
rElec    .         Reflect  +   (no cloak)
rCorr    .         Harm     .   (no gloves)
MR       .....                  (no boots)
Stlth    ++........             n - +4 amulet of reflection
HPRegen  0.14/turn              (no ring)
MPRegen  0.11/turn              (no ring)

@: paralysed
A: distributed training, fangs 1, strong nose
a: no special abilities


You were on level 3 of the Dungeon.
You were not hungry.

You visited 1 branch of the dungeon, and saw 3 of its levels.

You collected 107 gold pieces.

Inventory:

Hand Weapons
 a - a +2 short sword (weapon)
Missiles
 r - 5 tomahawks (quivered)
Armour
 c - a +0 buckler (worn)
 d - a +0 robe (worn)
 l - a +0 large shield
Jewellery
 n - a +4 amulet of reflection (around neck)
 x - an uncursed ring of poison resistance {unknown}
Wands
 e - a wand of flame (20)
Scrolls
 o - 2 scrolls of remove curse
 q - a scroll of amnesia
Potions
 b - a potion of might {unknown}
 g - 4 potions of curing
 h - 2 potions of haste {unknown}
 i - a potion of resistance {unknown}
 j - a potion of flight {unknown}
 k - a potion of degeneration {unknown}
 m - 2 potions of mutation
 s - 2 potions of cancellation {unknown}
 v - a potion of lignification {unknown}
Comestibles
 f - 8 rations
 w - 11 chunks of flesh


   Skills:
 + Level 4.7 Fighting
 + Level 4.7 Short Blades
 + Level 1.3 Long Blades
 + Level 1.3 Axes
 + Level 1.3 Maces & Flails
 + Level 1.3 Polearms
 + Level 1.3 Staves
 + Level 1.3 Slings
 + Level 1.3 Bows
 + Level 1.3 Crossbows
 + Level 1.3 Throwing
 + Level 1.3 Armour
 + Level 1.3 Dodging
 + Level 2.7 Stealth
 + Level 2.9 Shields
 + Level 1.3 Unarmed Combat
 + Level 3.1 Spellcasting
 + Level 1.1 Conjurations
 + Level 1.1 Hexes
 + Level 2.3 Charms
 + Level 1.1 Summonings
 + Level 2.3 Necromancy
 + Level 1.1 Translocations
 + Level 1.1 Transmutations
 + Level 1.1 Fire Magic
 + Level 1.1 Ice Magic
 + Level 1.1 Air Magic
 + Level 1.1 Earth Magic
 + Level 1.1 Poison Magic
 + Level 1.5 Invocations
 + Level 2.9 Evocations


You had 9 spell levels left.
You knew the following spells:

 Your Spells              Type           Power        Failure   Level  Hunger
a - Shock                 Conj/Air       #...         16%         1    #......

Your spell library contained the following spells:

 Spells                   Type           Power        Failure   Level  Hunger
 Static Discharge         Conj/Air       #.......     43%         3    ###....


Dungeon Overview and Level Annotations

Branches:
Dungeon (3/15)

Altars:
Elyvilon
Makhleb
Nemelex Xobeh
The Shining One

Annotations:
D:2 exclusion: downstairs
D:3 Grinder, Sigmund


Innate Abilities, Weirdness & Mutations

Your experience applies equally to all skills.
You have very sharp teeth.
Your uncanny sense of smell can sniff out nearby items.


Message History

It was a scroll of immolation.
Grinder gestures at you.
You shrug off the repeated paralysis!
As you read the scroll labeled JUDYXE EZAHEDE, it crumbles to dust.
You feel aware of your surroundings.
You sensed 2 altars.
It was a scroll of magic mapping.
As you read the scroll labeled FAOJOM WIGU, it crumbles to dust.
The scroll dissolves into smoke.
It was a scroll of fog.
Grinder says, "Don't move a muscle."
Grinder gestures at you.
You suddenly lose the ability to move!
Grinder barely misses you. The ice beast hits you. The ice beast freezes you!
Grinder hits you!
* * * LOW HITPOINT WARNING * * *
You writhe in agony.
* * * LOW HITPOINT WARNING * * *
The ice beast hits you.
* * * LOW HITPOINT WARNING * * *
The ice beast freezes you!
You die...

***,**,*#..<,,,,,..#
#.#*,,,,,,, *,,....#..######.#
#.#*,#*,,,,
***#.#.#..#....#.###.##.##..,,
###......)............(....,,
#..........##.###.#.##.###***
#............5#.....#*,* *
#......##.##§§#.#.###*** *
#.........§§5§#.#...# ### *
#.....######@##,#.### ##.## *
#....(.÷Y§§Y§#*,#...###÷#.##
#...)(########*,#.#)'..###.#
#........#### *,#...###)#.##
#...<.÷.....# #.#...# ##.##
#....##.....# #.#...# ###
#..)........# #.##..#######
#....###)...# #.#.........#
#.....#<)(..# #.#.........#


You could see Grinder (inner flame) and an ice beast (inner flame).

Vanquished Creatures
  Robin (D:3)
  4 adders
  A gnoll (D:1)
  2 oozes (D:3)
  3 leopard geckos
  2 bats
  2 giant cockroaches (D:2)
  13 goblins
  10 hobgoblins
  8 jackals
  4 frilled lizards
  4 kobolds
  8 rats
62 creatures vanquished.

Notes
Turn   | Place    | Note
-------+----------+-------------------------------------------
     0 | D:1      | DrEnzyme the Gnoll Wanderer began the quest for the Orb.
     0 | D:1      | DrEnzyme set off with: a +2 short sword, a +0 buckler, a +0 robe, a ration
     0 | D:1      | Reached XP level 1. HP: 20/20 MP: 4/4
   103 | D:1      | Reached XP level 2. HP: 26/26 MP: 5/5
   106 | D:1      | Learned a level 1 spell: Shock
   745 | D:2      | Found a white marble altar of Elyvilon.
   810 | D:2      | Found a glowing golden altar of the Shining One.
   810 | D:2      | Found a sparkling altar of Nemelex Xobeh.
   856 | D:2      | Reached XP level 3. HP: 18/31 MP: 7/7
  1243 | D:2      | Reached skill level 1 in Invocations
  1525 | D:2      | Found a burning altar of Makhleb.
  1680 | D:1      | Reached skill level 1 in Long Blades
  1680 | D:1      | Reached skill level 1 in Axes
  1680 | D:1      | Reached skill level 1 in Maces & Flails
  1680 | D:1      | Reached skill level 1 in Polearms
  1680 | D:1      | Reached skill level 1 in Staves
  1680 | D:1      | Reached skill level 1 in Slings
  1680 | D:1      | Reached skill level 1 in Bows
  1680 | D:1      | Reached skill level 1 in Crossbows
  1680 | D:1      | Reached skill level 1 in Throwing
  1680 | D:1      | Reached skill level 1 in Armour
  1680 | D:1      | Reached skill level 1 in Dodging
  1680 | D:1      | Reached skill level 1 in Unarmed Combat
  1732 | D:1      | Reached XP level 4. HP: 35/38 MP: 8/8
  2118 | D:3      | Noticed Sigmund
  2162 | D:3      | Noticed Robin
  2489 | D:3      | Killed Robin
  2489 | D:3      | Reached skill level 1 in Conjurations
  2489 | D:3      | Reached skill level 1 in Hexes
  2489 | D:3      | Reached skill level 1 in Summonings
  2489 | D:3      | Reached skill level 1 in Translocations
  2489 | D:3      | Reached skill level 1 in Transmutations
  2489 | D:3      | Reached skill level 1 in Fire Magic
  2489 | D:3      | Reached skill level 1 in Ice Magic
  2489 | D:3      | Reached skill level 1 in Air Magic
  2489 | D:3      | Reached skill level 1 in Earth Magic
  2489 | D:3      | Reached skill level 1 in Poison Magic
  2585 | D:3      | Reached XP level 5. HP: 39/43 MP: 9/9
  2594 | D:3      | Noticed an ice beast
  2714 | D:3      | Noticed Grinder
  2720 | D:3      | Paralysed by Grinder for 4 turns
  2728 | D:3      | Paralysed by Grinder for 2 turns
  2733 | D:3      | Paralysed by Grinder for 5 turns
  2736 | D:3      | Slain by an ice beast

Vault maps used:
D:1:      scummos_arrival_simple_crosswalls, minmay_box_of_dots
D:2:      kennysheep_big_flooded_room, amethyst_overflow_temple_binary,
          lemuel_doored_altar, makhleb_grotto_becter, first_ration
D:3:      nicolae_overflow_hidden_temple, kennysheep_generic_room_9,
          uniq_sigmund, uniq_robin, uniq_grinder

Skill      XL: |  1  2  3  4 |
---------------+-------------+-----
Charms         | 2 |  2.3
Necromancy     | 2 |  2.3
Invocations    | 1 |  1.5
Long Blades    | 1 |  1.3
Axes           | 1 |  1.3
Maces & Flails | 1 |  1.3
Polearms       | 1 |  1.3
Staves         | 1 |  1.3
Slings         | 1 |  1.3
Bows           | 1 |  1.3
Crossbows      | 1 |  1.3
Throwing       | 1 |  1.3
Armour         | 1 |  1.3
Dodging        | 1 |  1.3
Unarmed Combat | 1 |  1.3
Spellcasting   | 3 |  3.1
Conjurations   | 1 |  1.1
Hexes          | 1 |  1.1
Summonings     | 1 |  1.1
Translocations | 1 |  1.1
Transmutations | 1 |  1.1
Fire Magic     | 1 |  1.1
Ice Magic      | 1 |  1.1
Air Magic      | 1 |  1.1
Earth Magic    | 1 |  1.1
Poison Magic   | 1 |  1.1
Fighting       | |  4.7
Short Blades   | |  4.7
Stealth        | |  2.7
Shields        | |  2.9
Evocations     | |  2.9

Action                   |  1- 3 |  4- 6 || total
-------------------------+-------+-------++-------
Melee: Short sword       |   126 |    67 ||   193
       Bite              |     9 |     8 ||    17
Throw: Tomahawk          |    10 |       ||    10
 Cast: Shock             |    19 |       ||    19
  Use: Scroll            |     2 |     5 ||     7
 Stab: Sleeping          |     2 |     2 ||     4
  Eat: Chunk             |     3 |     3 ||     6
Armor: Robe              |    18 |     5 ||    23
Dodge: Dodged            |    39 |    23 ||    62
Block: Buckler           |    27 |    26 ||    53
       Reflection        |       |     3 ||     3

Table legend:
 A = Spawn XP
 B = Non-spawn XP
 C = Spawn XP percentage of total XP
 D = Spawn monster count
 E = Non-spawn monster count
 F = Spawn count percentage of total count
 G = Total turns spent on level
                    A         B        C        D         E        F      G
               +---------+---------+-------+---------+---------+-------+---------
         Total |       0 |     191 |   0.0 |       0 |      62 |   0.0 |  2736
               +---------+---------+-------+---------+---------+-------+---------
           D:1 |       0 |      38 |   0.0 |       0 |      15 |   0.0 |   750
           D:2 |       0 |      72 |   0.0 |       0 |      29 |   0.0 |  1667
           D:3 |       0 |      81 |   0.0 |       0 |      18 |   0.0 |   319
               +---------+---------+-------+---------+---------+-------+---------
